 Dungeon Crawl Stone Soup version 0.29.0-13-gc9e81de378 (webtiles) character file.

Game seed: 6514722638850860436

112 robertstho the Trooper (level 4, 0/30 HPs)
             Began as a Tengu Berserker on Sept 7, 2022.
             Was a Follower of Trog.
             Succumbed to an adder's poison
             ... on level 2 of the Dungeon.
             The game lasted 00:01:15 (935 turns).

robertstho the Trooper (Tengu Berserker)             Turns: 935, Time: 00:01:15

Health: 0/30       AC:  3    Str: 19    XL:     4   Next: 95%
Magic:  5/5        EV: 12    Int:  8    God:    Trog [*.....]
Gold:   42         SH:  0    Dex: 13    Spells: 3/3 levels left

rFire   . . .      SeeInvis .   a - +0 spear
rCold   . . .      Faith    .   (no shield)
rNeg    . . .      Spirit   .   b - +0 animal skin
rPois   .          Reflect  .   (helmet restricted)
rElec   .          Harm     .   (no cloak)
rCorr   .          Rampage  .   f - +0 pair of gloves
Will    .....                   (boots unavailable)
Stlth   +.........              (no amulet)
HPRegen 0.10/turn               (no ring)
MPRegen 0.09/turn               (no ring)

@: lethally poisoned (0 -> 0), on berserk cooldown, attractive, flying, slowed,
very slow
A: beak, talons 3
a: Renounce Religion, Berserk


You were on level 2 of the Dungeon.
You worshipped Trog.
Trog was aware of your devotion.
You visited 1 branch of the dungeon, and saw 2 of its levels.

You collected 42 gold pieces.

Inventory:

Hand Weapons
 a - a +0 spear (weapon)
Armour
 b - a +0 animal skin (worn)
 f - a +0 pair of gloves (worn)
Scrolls
 c - 2 scrolls of poison {unknown}
Potions
 d - a potion of attraction
 e - a potion of curing {unknown}
 g - a potion of cancellation {unknown}
 h - a potion of flight


   Skills:
 * Level 4.6 Fighting
 + Level 4.0 Polearms
 + Level 2.5 Armour
 + Level 2.5 Dodging
 + Level 0.3 Stealth


You had 3 spell levels left.
You didn't know any spells.
Your spell library was empty.

Dungeon Overview and Level Annotations

Branches:
Dungeon (2/15)

Altars:


Innate Abilities, Weirdness & Mutations

You have a beak for a mouth.
You have claws for feet.


Message History

You feel Natasha's spirit has finally been put to rest.
The crimson imp disappears in a puff of smoke!
* * * LOW HITPOINT WARNING * * *
You feel sick. The adder barely misses you.
The adder bites you but does no damage.
Your Polearms skill increases to level 4!
You barely miss the adder. Your kick misses the adder. You peck the adder!
The adder is almost dead.
* * * LOW HITPOINT WARNING * * *
You feel sick. The adder misses you.
You puncture the adder!
You kill the adder!
Trog accepts your kill.
You feel sick. The adder closely misses you.
You puncture the adder! Your kick misses the adder.
The adder is severely wounded.
You feel sick. The adder barely misses you.
You puncture the adder!
You kill the adder!
Trog accepts your kill.
You feel sick.
You feel sick.
d - 2 grey potions (gained 1)
You see here the felid corpse of Natasha.
You feel sick.
You feel a strong urge to attack something.
You feel sick.
You feel sick.
You feel your anger nearly subside.
You are no longer berserk.
You are exhausted.
You feel yourself slow down.
Okay, then.
It was a potion of attraction.
You feel attractive to monsters.
* * * LOW HITPOINT WARNING * * *
You feel sick.
It was a potion of flight.
You feel very buoyant.
You fly up into the air.
You die...

.......# ....#..# .......#
#......# #...... .......#
#......###........
......<###.......#.........
...............#...........
......#........#...........
......#....................
.............#####.........
.....>..........@..........
..........########††.......
................##.†.......
............###........[...
.........#.# ###..........
...#.####.. .#.........
#.... #### #...........
..### ###.........
....####..


There were no monsters in sight!

Vanquished Creatures
  Natasha (thrice) (D:2)
  2 adders (D:2)
  A dart slug (D:1)
  3 bats
  An endoplasm (D:1)
  A goblin (D:1)
  2 hobgoblins (D:1)
  A quokka (D:1)
  5 ball pythons (D:1)
  A kobold (D:1)
  2 rats (D:1)
22 creatures vanquished.

Notes
Turn   | Place    | Note
-------+----------+-------------------------------------------
     0 | D:1      | robertstho the Tengu Berserker began the quest for the Orb.
     0 | D:1      | Reached XP level 1. HP: 14/14 MP: 2/2
   131 | D:1      | Reached XP level 2. HP: 19/19 MP: 3/3
   366 | D:1      | Found a faded altar of an unknown god.
   691 | D:2      | Noticed Natasha
   695 | D:2      | Killed Natasha
   695 | D:2      | Noticed Natasha
   696 | D:2      | Reached XP level 3. HP: 24/24 MP: 4/4
   846 | D:2      | Killed Natasha
   847 | D:2      | Reached XP level 4. HP: 29/29 MP: 5/5
   912 | D:2      | Noticed Natasha
   924 | D:2      | Killed Natasha
   934 | D:2      | HP: 1/30 [poisoned by an adder]
   935 | D:2      | Succumbed to an adder's poison

Illustrated notes

Levels and vault maps discovered:
D:1:      amcnicky_arrival_blooded_trapdoor, layout_loops_cross,
          shapermc_ecumenical_altar_totnotflames
D:2:      layout_rooms, uniq_natasha

Skill      XL: |  1  2  3  4 |
---------------+-------------+-----
Fighting       | 4 |  4.6
Polearms       | 4 |  4.0
Armour         | |  2.5
Dodging        | |  2.5
Stealth        | |  0.3

Action                   |  1- 3 |  4- 6 || total
-------------------------+-------+-------++-------
Melee: Spear             |    39 |    16 ||    55
       Kick              |     2 |     1 ||     3
       Peck              |     2 |     1 ||     3
Invok: Berserk           |     2 |     1 ||     3
  Use: Potion            |       |     2 ||     2
Armor: Animal skin       |     6 |     4 ||    10
Dodge: Dodged            |    12 |    15 ||    27
